 Dungeon Sprint DCSS version 0.30-a0-900-g23479c02f2 (webtiles) character file.

Game seed: 14579431444003757002

382 croobank the Gouger (level 6, -16/36 HPs)
             Began as a Felid Cinder Acolyte on Mar 19, 2023.
             Was a High Priest of Ignis.
             Demolished by a stone giant (44 damage)
             ... in the Dungeon (Sprint V: "Ziggurat Sprint").
             The game lasted 00:13:06 (558 turns).

croobank the Gouger (Felid Cinder Acolyte)           Turns: 558, Time: 00:13:07

Health: -16/36     AC:  2    Str: 16    XL:     6   Next: 47%
Magic:  18/18      EV: 15    Int: 23    God:    Ignis [*****.]
Gold:   0          SH:  0    Dex: 12    Spells: 17/22 levels left
                                        Lives:  0   Deaths: 2

rFire   + . .      SeeInvis +      - Unarmed
rCold   . . .      Faith    .    (shield unavailable)
rNeg    . . .      Spirit   .    (body armour unavailable)
rPois   .          Reflect  .    (helmet unavailable)
rElec   .          Rampage  .    (cloak unavailable)
rCorr   .          NoTele   +    (gloves unavailable)
Will    .....                    (boots unavailable)
Stlth   +                        (no amulet)
HPRegen 0.26/turn                s - +6 ring of strength
MPRegen 0.16/turn                q - +6 ring of intelligence

@: quick
A: very small, claws 1, fangs 3, see invisible, speed 1, shaggy fur 2, stealthy
paws, no weapons or thrown items, no armour, multi-lived
a: Renounce Religion, Fiery Armour, Foxfire Swarm, Rising Flame


You were in the Dungeon.
You worshipped Ignis.
Ignis was extremely pleased with you.
You visited 1 branch

Inventory:

Jewellery
 n - a ring of flight
 o - a +6 ring of dexterity
 p - a +6 ring of dexterity
 q - a +6 ring of intelligence (right paw)
 r - a +6 ring of intelligence
 s - a +6 ring of strength (left paw)
 t - a +6 ring of strength
 B - a +4 ring of protection
 C - the ring "Nunain" {rC+ Dex+3}
   (You found it in the Dungeon)

   [ring of protection from cold]

   Dex:       It affects your dexterity (+3).
   rC:        It protects you from cold.
 D - the ring "Jeismu" {rCorr Int+7}
   (You found it in the Dungeon)

   [ring of resist corrosion]

   Int:       It affects your intelligence (+7).
   rCorr:     It protects you from acid and corrosion.
Wands
 l - a wand of mindburst (4)
 m - a wand of light (6)
Scrolls
 f - a scroll of blinking
 v - 4 scrolls of amnesia
 w - 7 scrolls of fog
 x - 5 scrolls of identify
 y - 2 scrolls of fear
Potions
 a - 9 potions of curing
 b - 7 potions of heal wounds
 c - 6 potions of haste
 d - 7 potions of magic
 e - 3 potions of berserk rage
 g - a potion of brilliance
 i - 4 potions of resistance
 k - 5 potions of might
Miscellaneous
 j - a tin of tremorstones (2/2)
 u - a lightning rod (4/4)
 z - a phantom mirror
 A - a phial of floods


   Skills:
 + Level 9.8 Fighting
 + Level 9.9 Unarmed Combat
 + Level 8.6 Spellcasting
 * Level 1.2 Conjurations
 - Level 8.9 Fire Magic
 * Level 1.1 Ice Magic


You had 17 spell levels left.
You knew the following spells:

 Your Spells              Type           Power      Damage    Failure   Level
a - Scorch                Fire           100%       2d10      1%          2
b - Hailstorm             Conj/Ice       15%        3d5       12%         3

Your spell library contained the following spells:

 Spells                   Type           Power      Damage    Failure   Level
 Lesser Beckoning         Tloc           18%        N/A       10%         2
 Gell's Gravitas          Tloc           9%         N/A       21%         3
 Teleport Other           Tloc           9%         N/A       21%         3
 Tukima's Dance           Hex            9%         N/A       21%         3
 Ice Form                 Ice/Tmut       12%        N/A       45%         4
 Summon Ice Beast         Ice/Summ       12%        N/A       45%         4
 Alistair's Intoxication  Tmut/Pois      6%         N/A       88%         5
 Blade Hands              Tmut           4%         N/A       88%         5
 Borgnjor's Vile Clutch   Necr/Erth      4%         N/A       88%         5
 Summon Mana Viper        Hex/Summ       9%         N/A       88%         5
 Eringya's Noxious Bog    Tmut/Pois      4%         N/A       100%        6
 Simulacrum               Ice/Necr       6%         N/A       100%        6
 Monstrous Menagerie      Summ           4%         N/A       100%        7
 Portal Projectile        Hex/Tloc       Unusable   N/A       N/A         3

Dungeon Overview and Level Annotations

Branches:
Dungeon (1/1)

Altars:
Ashenzari
Cheibriados
Dithmenos
Elyvilon
Fedhas
Gozag
Hepliaklqana
Kikubaaqudgha
Makhleb
Nemelex Xobeh
Okawaru
Qazlal
Ru
Sif Muna
Trog
Uskayaw
Vehumet
Wu Jian
Xom
Yredelemnul
Zin
The Shining One
Jiyva
Lugonu

Annotations:
D 2 transporters


Innate Abilities, Weirdness & Mutations

You have sharp claws.
You have razor-sharp teeth.
You have supernaturally acute eyesight. (SInv)
You cover ground quickly. (Speed+)
You are covered in thick fur. (AC +2)
Your paws help you pounce on unaware monsters.
You are incapable of wielding weapons or throwing items.
You cannot wear armour.
You gain extra lives every three experience levels.


Message History

You are now level 6!
You rejoin the land of the living...
A shadow dragon and 5 vault guards come into view.
A vault guard is wielding a +3 great mace of venom.
Found six items.
The vault guard shouts! x2; You hear a shout!
A vault guard comes into view. It is wielding a +0 great mace.
A stone giant comes into view.
A vault guard comes into view. It is wielding a +0 long sword.
Okay, then.
Okay, then.
Okay, then.
A yaktaur and 3 vault guards come into view.
The yaktaur is wielding a +5 spectral quarterstaff.
A vault guard is wielding the +6 whip "croobank's Death" {speed, SInv}.
A vault guard is wielding a +2 rapier of venom.
Found five items.
The stone giant shouts!
The yaktaur shouts!
The vault guard shouts! x4
Found a transporter.
The vault guard shouts!
The vault guard drinks a potion.
The vault guard seems to speed up.
Blink to where?
Press: ? - help, Dir - move target You can't see any item there.
As you read the scroll of blinking, it crumbles to dust.
The stone giant throws a large rock.
The large rock barely misses you.
You see here a scroll of acquirement.
Okay, then.
You see here the Compilation of Hot Bolts.
Something appears before you!
The vault guard hits you with a +0 long sword!
Activating: Foxfire Swarm
Press: ? - help, Dir - look around, f - activate Flames leap up around you!
The vault guard closely misses you.
The foxfire hits the vault guard.
The vault guard is lightly wounded.
The foxfire hits the vault guard but does no damage.
The foxfire hits the vault guard.
The vault guard is lightly wounded.
The stone giant hits you!!!
Ouch! That really hurt!
You die...

▓..†..▓ ▓..©..▓
▓▓▓▓▓▓▓▓ ▓..8©8..
▓..|)|.. ▓.......
▓▓▓▓▓▓▓▓▓▓▓▓▓.......
▓vvvp8©8....▓.......
▓vv@p}p))}..▓.▓....▓
▓vvpCp}[))..▓...©...
▓vv.ppp.....▓▓▓▓▓▓▓▓
▓....Dc.p...▓...8©8.
▓......p....▓..4||=.
▓...........▓.5455).
▓...........▓...F...
▓..▓.....▓..▓...S...
▓...........▓.......


You could see a shadow dragon, a stone giant, 10 vault guards and a yaktaur.

Vanquished Creatures
  A tarantella (D)
  A yak (D)
  A hell hound (D)
  A wolf (D)
  2 phantoms (D)
  A bullfrog (D)
  3 scorpions (D)
  An orc priest (D)
  An iguana (D)
  An iron imp (D)
  An orc (D)
  3 jackals (D)
  2 ball python zombies (D)
  A giant cockroach zombie (D)
20 creatures vanquished.

Notes
Turn   | Place    | Note
-------+----------+-------------------------------------------
     0 | D        | croobank the Felid Cinder Acolyte began the quest for the
                  | Orb.
     0 | D        | Reached XP level 1. HP: 10/10 MP: 3/3
     0 | D        | Found a shimmering blue altar of Sif Muna.
     0 | D        | Found a sacrificial altar of Ru.
     0 | D        | Found a bloodstained altar of Trog.
     0 | D        | Found a stormy altar of Qazlal.
     0 | D        | Found an iron altar of Okawaru.
     0 | D        | Found a sparkling altar of Nemelex Xobeh.
     0 | D        | Found a blossoming altar of Fedhas.
     0 | D        | Found the +6 Majin-Bo {spellvamp, MP+6 Int+6}
     0 | D        | Found the +27 heavy crossbow "Sniper" {heavy, Acc+∞ SInv}
     0 | D        | Found the +10 dark maul {heavy}
     0 | D        | Found the +15 Maxwell's patent armour {-Cast -Tele rElec
                  | Will+ rCorr}
     0 | D        | Found the +18 shield of the Gong {Loud rN+ Will+ rCorr
                  | EV-5}
     0 | D        | Found the +16 obsidian axe {drain, demonic, Mesm Drain Fly
                  | SInv}
     0 | D        | Found the +7 great mace "Firestarter" {flame, inner flame,
                  | rFlCloud rF++}
     0 | D        | Found the +6 shillelagh "Devastator" {shatter}
     0 | D        | Found the +11 plutonium sword {Contam Stlth-}
     0 | D        | Found the +8 lance "Wyrmbane" {slay drac, rPois rF+ rC+
                  | AC+3}
     0 | D        | Found the +9 sword of Zonguldrok {reap}
     0 | D        | Found the +13 scythe of Curses {drain, curses, Drain}
     0 | D        | Found the +9 sword of Power {lifebolt}
     0 | D        | Found the +7 mace of Variability {chaos, chain chaos}
     0 | D        | Found the +11 Singing Sword {sonic wave}
     0 | D        | Found the +8 storm bow {elec, penet}
     6 | D        | Found a corrupted altar of Lugonu.
     6 | D        | Found an ancient bone altar of Kikubaaqudgha.
     6 | D        | Found a burning altar of Makhleb.
     6 | D        | Found a transporter.
     6 | D        | Found a viscous altar of Jiyva.
     6 | D        | Found a hazy altar of Hepliaklqana.
    12 | D        | Found an opulent altar of Gozag.
    50 | D        | Entered arena 2.
    50 | D        | Noticed an orc priest
    50 | D        | Found a transporter.
    54 | D        | Killed an orc priest
    55 | D        | Reached XP level 2. HP: 2/15 MP: 3/6
    55 | D        | Reached XP level 3. HP: 2/18 MP: 4/8
   129 | D        | Entered arena 3.
   129 | D        | Noticed a hell hound
   129 | D        | Found a transporter.
   132 | D        | Killed a hell hound
   133 | D        | Reached skill level 5 in Fighting
   133 | D        | Reached skill level 5 in Unarmed Combat
   133 | D        | Reached skill level 5 in Fire Magic
   133 | D        | Reached XP level 4. HP: 24/24 MP: 9/11
   138 | D        | Reached XP level 5. HP: 27/27 MP: 10/13
   170 | D        | Learned a level 2 spell: Scorch
   170 | D        | Entered arena 4.
   170 | D        | Noticed a tarantella
   170 | D        | Found a transporter.
   173 | D        | Killed a tarantella
   174 | D        | Gained mutation: You are covered in thick fur. (AC +2)
                  | [Felid growth]
   174 | D        | Reached XP level 6. HP: 33/33 MP: 11/16
   175 | D        | Reached XP level 7. HP: 30/37 MP: 12/19
   264 | D        | Entered arena 5.
   264 | D        | Found a transporter.
   271 | D        | Reached XP level 8. HP: 42/42 MP: 8/21
   357 | D        | Entered arena 6.
   357 | D        | Found a transporter.
   492 | D        | Got the ring "Nunain" {rC+ Dex+3}
   500 | D        | Learned a level 3 spell: Hailstorm
   502 | D        | Entered arena 7.
   502 | D        | Noticed a merfolk
   502 | D        | Noticed a wind drake
   502 | D        | Noticed a merfolk
   502 | D        | Noticed a merfolk
   502 | D        | Noticed a wind drake
   506 | D        | Killed from afar by a wind drake
   507 | D        | Reached XP level 7. HP: -9/39 MP: 20/20
   507 | D        | Found a transporter.
   507 | D        | Noticed a cane toad
   515 | D        | Reached skill level 1 in Conjurations
   515 | D        | Reached skill level 1 in Ice Magic
   520 | D        | Got the ring "Jeismu" {rCorr Int+7}
   523 | D        | Entered arena 9.
   523 | D        | Noticed a hellwing
   523 | D        | Noticed an ice devil
   528 | D        | Found a transporter.
   533 | D        | Entered arena 10.
   533 | D        | Noticed a cyclops
   533 | D        | Noticed a two-headed ogre
   533 | D        | Noticed a two-headed ogre
   533 | D        | Noticed a cyclops
   538 | D        | Found a transporter.
   549 | D        | Hit by a large rock thrown by a cyclops
   550 | D        | Reached XP level 6. HP: -10/36 MP: 11/18
   550 | D        | Noticed a vault guard
   550 | D        | Noticed a vault guard
   550 | D        | Noticed a vault guard
   550 | D        | Noticed a shadow dragon
   550 | D        | Noticed a vault guard
   550 | D        | Noticed a vault guard
   550 | D        | Noticed a vault guard
   550 | D        | Noticed a stone giant
   550 | D        | Noticed a vault guard
   551 | D        | Noticed a yaktaur
   551 | D        | Noticed a vault guard
   551 | D        | Identified the +6 whip "croobank's Death" {speed, SInv}
   551 | D        | Noticed a vault guard
   551 | D        | Noticed a vault guard
   552 | D        | Found a transporter.
   557 | D        | Acquired the Compilation of Hot Bolts
   558 | D        | Demolished by a stone giant

Illustrated notes

Levels and vault maps discovered:
D:        sprint_v [room_start, room_1, room_2, room_3, room_4, room_5, room_6,
          room_7, room_8, room_9, room_10, room_11, room_12, room_13, room_14,
          room_15, room_16, room_17, room_18, room_19, room_20, room_21,
          room_22, room_23, room_24, room_25, room_26, room_27]

Skill      XL: |  1  2  3  4  5  6  7 |
---------------+----------------------+-----
Fighting       | 4 5 6 7 8 9 |  9.8
Unarmed Combat | 4 5 6 7 8 9 |  9.9
Spellcasting   | 2 4 6 7 8 |  8.6
Fire Magic     | 3 5 7 8 |  8.9
Conjurations   | 1 |  1.2
Ice Magic      | 1 |  1.1

Action                     |  1- 3 |  4- 6 |  7- 9 || total
---------------------------+-------+-------+-------++-------
  Melee: Unarmed           |     1 |     3 |    11 ||    15
         Bite              |       |     1 |     2 ||     3
         Punch             |       |     1 |       ||     1
   Cast: Scorch            |       |       |    23 ||    23
         Hailstorm         |       |       |     1 ||     1
 Invoke: Foxfire Swarm     |       |     1 |       ||     1
  Evoke: Wand              |     4 |       |       ||     4
         Lightning rod     |       |     2 |     1 ||     3
    Use: Scroll            |       |     2 |     2 ||     4
         Potion            |       |     1 |     7 ||     8
 Armour: Skin              |       |       |     7 ||     7
  Dodge: Dodged            |     1 |     6 |    54 ||    61

Table legend: (Time is in decaauts)
 A = Elapsed time spent in this place.
 B = Non-inter-level travel time spent in this place.
 C = Inter-level travel time spent in this place.
 D = Time resting spent in this place.
 E = Time spent auto-exploring this place.
 F = Levels seen in this place.
 G = Mean time per level.
                   A        B        C        D        E       F      G
               +--------+--------+--------+--------+--------+-----+--------+
         Total |    529 |    529 |      0 |    346 |      0 |   1 |  529.0 |
       Dungeon |    529 |    529 |      0 |    346 |      0 |   1 |  529.0 |
               +--------+--------+--------+--------+--------+-----+--------+

Top non-repeatable levels by time:
       D: 529 daAuts
